cohdb
Replays
Latest Replays
All Replays
Popular Replays
Top Player Replays
Match Explorer
How It Works
Community
CoH3 Stats
Reddit
Sign in to upload your games and track your stats! →
Sign in with Steam
Match 42171220
Unlisted
Match 42171220
Overview
Messages
Build Orders
End
Construct Barracks
Riflemen Squad
Selects Heavy Weapons
1⁄4-ton 4x4 Truck
Riflemen Squad
Riflemen Squad
Grenade Package
Engineer Squad
Mechanized Support Center
Construct Motor Pool
Construct Medical Station
M1 Anti-tank Gun Team
Selects Assault Carriers
Selects Exchangeable Parts
M3 75 mm Gun Motor Carriage
Mortar Pit
Riflemen Squad
M1918 Browning Automatic Rifles
Improvised Armor
M1 Anti-tank Gun Team
M1 Anti-tank Gun Team
dan legend
GoLdenCoBRaaa
taNjuuu
Dave
0
0
Comments
sign in to comment!
No comments posted yet!